 Dungeon Crawl Stone Soup version 0.31.0-9-g3a7656b989 (webtiles) character file.

Game seed: 17697700346442991273

398 monsoonserge the Shooter (level 6, -3/49 HPs)
             Began as a Barachi Hunter on Jan 24, 2024.
             Slain by a gnoll bouda
             ... wielding a +0 club
              (6 damage)
             ... on level 4 of the Dungeon.
             The game lasted 00:09:39 (2913 turns).

monsoonserge the Shooter (Barachi Hunter)           Turns: 2913, Time: 00:09:39

Health: -3/49      AC:  5    Str: 13    XL:     6   Next: 83%
Magic:  6/6        EV: 11    Int:  9    God:
Gold:   146        SH:  5    Dex: 17    Spells: 5/5 levels left

rFire   . . .        a - +0 shortbow
rCold   . . .        (shield currently unavailable)
rNeg    . . .        e - +0 ring mail
rPois   .            (no helmet)
rElec   .            (no cloak)
rCorr   .            (no gloves)
SInv    .            (no boots)
Will    .....        l - amulet of reflection
Stlth   +            (no ring)
HPRegen 0.28/turn    (no ring)
MPRegen 0.10/turn

%: reflection
@: weakened, unable to hop, slow
A: amphibious, slowness 1, strong legs 1, +LOS
a: Hop


You were on level 4 of the Dungeon.
You visited 1 branch of the dungeon, and saw 5 of its levels.

You collected 146 gold pieces.

Inventory:

Hand Weapons
 a - a +0 shortbow (weapon)
Missiles
 k - 6 javelins
 s - 4 poisoned darts
Armour
 c - a +0 leather armour
 e - a +0 ring mail (worn)
Jewellery
 f - an amulet of regeneration
 l - an amulet of reflection (around neck)
 m - an amulet of the acrobat
Talismans
 h - a dragon-blood talisman
Scrolls
 b - a scroll of butterflies
 d - 3 scrolls of identify
 g - a scroll of immolation
 j - 3 scrolls of fog {unknown}
 n - 2 scrolls of noise {unknown}
 r - a scroll of enchant armour
Potions
 i - 2 potions of curing {unknown}
 o - a potion of lignification
 p - a potion of enlightenment
 q - a potion of might
 t - a potion of brilliance {unknown}


   Skills:
 + Level 4.3 Fighting
 + Level 6.6 Ranged Weapons
 + Level 2.9 Armour
 + Level 2.4 Dodging
 + Level 1.0 Stealth


You had 5 spell levels left.
You didn't know any spells.
Your spell library contained the following spells:

 Spells                   Type           Power      Damage    Failure   Level
 Freeze                   Ice            0%         1d3       63%         1
 Magic Dart               Conj           0%         1d3       63%         1
 Searing Ray              Conj           0%         2d4       77%         2
 Frozen Ramparts          Ice            0%         1d1       94%         3
 Hailstorm                Conj/Ice       0%         3d5       94%         3
 Fulminant Prism          Conj/Alch      0%         3d5       100%        4


Dungeon Overview and Level Annotations

Branches:
Dungeon (5/15)
 Temple: D:4-7

Altars:
Elyvilon
Ru
Wu Jian


Innate Abilities, Weirdness & Mutations

You are amphibious.
You cover ground slowly.
You can hop short distances.
You have an extended range of vision and can be seen from far away.


Message History

The gnoll bouda gazes fiercely through you!
You feel your attacks grow feeble. The gnoll bouda barely misses you.
You shoot an arrow.
The arrow closely misses the gnoll bouda.
The gnoll bouda hits you with a +0 club.
You are too injured to fight recklessly!
You are too injured to fight recklessly!
Fire: a) +0 shortbow
Press: ? - help, Q - select action, (/) - cycle Shift-Dir - straight line, f/p - gnoll bouda
Aim: a gnoll bouda, wielding a +0 club and wearing a +0 leather armour (69% to hit)
You shoot an arrow.
The arrow barely misses the gnoll bouda.
The gnoll bouda hits you with a +0 club.
Fire: a) +0 shortbow
Press: ? - help, Q - select action, (/) - cycle Shift-Dir - straight line, f/p - gnoll bouda
Aim: a gnoll bouda, wielding a +0 club and wearing a +0 leather armour (69% to hit)
You shoot an arrow.
The arrow hits the gnoll bouda but does no damage.
The gnoll bouda hits you with a +0 club.
Fire: a) +0 shortbow
Press: ? - help, Q - select action, (/) - cycle Shift-Dir - straight line, f/p - gnoll bouda
Aim: a gnoll bouda, wielding a +0 club and wearing a +0 leather armour (69% to hit)
You shoot an arrow. The arrow hits the gnoll bouda.
The gnoll bouda is lightly wounded.
The gnoll bouda gazes fiercely through you!
You feel as though you will be weak longer.
The gnoll bouda hits you with a +0 club!
* * * LOW HITPOINT WARNING * * *
The gnoll bouda gazes fiercely through you!
You feel as though you will be weak longer.
The gnoll bouda hits you with a +0 club!
* * * LOW HITPOINT WARNING * * *
Fire: a) +0 shortbow
Press: ? - help, Q - select action, (/) - cycle Shift-Dir - straight line, f/p - gnoll bouda
Aim: a gnoll bouda, wielding a +0 club and wearing a +0 leather armour (lightly wounded, 69% to hit)
You shoot an arrow. The arrow hits the gnoll bouda.
The gnoll bouda is moderately wounded.
The gnoll bouda hits you with a +0 club.
You die...

##
#######################.
........................
####....##############.
###########....# #.
...............# #.
.........[.....# #.
...............# #.
.............@.## #.
.............)g.## #.
...[.......####..# #.
...........# ##'# #.
...........# #...).###
## ...........#
#........#######
.###########
#..............#
#..............#
#.........[....#


You could see a gnoll bouda.

Vanquished Creatures
  An ogre (D:4)
  A phantom (D:5)
  A scorpion (D:5)
  A bombardier beetle (D:3)
  A hound (D:5)
  3 gnolls
  3 adders
  A dart slug (D:1)
  A ribbon worm (D:3)
  4 bats
  8 endoplasms
  2 giant cockroaches
  5 goblins
  6 hobgoblins
  2 quokkas
  5 ball pythons
  5 frilled lizards
  4 kobolds
  3 rats
57 creatures vanquished.

Notes
Turn   | Place    | Note
-------+----------+-------------------------------------------
     0 | D:1      | monsoonserge the Barachi Hunter began the quest for the
                  | Orb.
     0 | D:1      | Reached XP level 1. HP: 17/17 MP: 1/1
   181 | D:1      | Reached XP level 2. HP: 23/23 MP: 2/2
   867 | D:2      | Reached skill level 1 in Armour
   867 | D:2      | Reached XP level 3. HP: 29/29 MP: 3/3
  1409 | D:3      | Reached skill level 5 in Ranged Weapons
  1414 | D:3      | Reached XP level 4. HP: 33/35 MP: 4/4
  2076 | D:5      | Entered Level 5 of the Dungeon
  2086 | D:5      | Reached XP level 5. HP: 22/41 MP: 5/5
  2214 | D:5      | Found a sacrificial altar of Ru.
  2274 | D:5      | Noticed a phantom
  2295 | D:5      | Killed a phantom
  2296 | D:5      | Reached skill level 1 in Stealth
  2482 | D:5      | Reached skill level 6 in Ranged Weapons
  2482 | D:5      | Reached XP level 6. HP: 42/48 MP: 6/6
  2706 | D:4      | Found an ornate altar of the Wu Jian Council.
  2706 | D:4      | Found a white marble altar of Elyvilon.
  2713 | D:4      | Upgraded the game from 0.31.0-7-gf635a9b802 to
                  | 0.31.0-9-g3a7656b989
  2913 | D:4      | Slain by a gnoll bouda

Illustrated notes

Levels and vault maps discovered:
D:1:      tarquinn_simple_flora_water_b, layout_basic
D:2:      layout_basic
D:3:      layout_rooms
D:4:      cheibrodos_pilgrimage, layout_basic, gammafunk_temple_overflow_statue
D:5:      layout_loops_corners, makhleb_blood_cavern_becter,
          hangedman_ru_absence, bh_walls_and_bars

Skill      XL: |  1  2  3  4  5  6 |
---------------+-------------------+-----
Fighting       | 3 4 |  4.3
Armour         | 1 2 |  2.9
Ranged Weapons | 5 6 |  6.6
Stealth        | 1 |  1.0
Dodging        | |  2.4

Action                     |  1- 3 |  4- 6 || total
---------------------------+-------+-------++-------
   Fire: Shortbow          |    98 |   155 ||   253
Ability: Hop               |     1 |     3 ||     4
    Use: Scroll            |       |     5 ||     5
 Armour: Leather armour    |     8 |       ||     8
         Ring mail         |    13 |    52 ||    65
  Dodge: Dodged            |    22 |    34 ||    56
  Block: Other             |       |    17 ||    17
         Reflection        |       |     1 ||     1
